[gd_scene load_steps=10 format=2]

[ext_resource path="res://Sprites/HUD_bg.png" type="Texture" id=1]
[ext_resource path="res://Sprites/HUD_fg.png" type="Texture" id=2]
[ext_resource path="res://Fonts/Early GameBoy.ttf" type="DynamicFontData" id=3]

[sub_resource type="GDScript" id=1]
script/source = "extends Control


# Declare member variables here. Examples:
# var a = 2
# var b = \"text\"
var target = null

# Called when the node enters the scene tree for the first time.
func _ready():
	for i in get_tree().get_nodes_in_group(\"Player\"):
		target = i
		break

func _process(_delta):
	$Health.value = target.health
	$Stamina.value = 100*(target.stamina/target.max_stamina)
	$Label.text = str(target.pointbuy)
	$Label2.text = \"TIME: \" + str(target.owner.surviving_score)
"

[sub_resource type="DynamicFont" id=2]
font_data = ExtResource( 3 )

[sub_resource type="StyleBoxFlat" id=3]
bg_color = Color( 1, 0.254902, 0.490196, 1 )

[sub_resource type="StyleBoxEmpty" id=4]

[sub_resource type="DynamicFont" id=6]
size = 1

[sub_resource type="StyleBoxFlat" id=5]
bg_color = Color( 0.0627451, 0.564706, 0.556863, 1 )

[node name="HUD" type="Control"]
anchor_right = 1.0
anchor_bottom = 1.0
script = SubResource( 1 )
__meta__ = {
"_edit_use_anchors_": false
}

[node name="TextureRect" type="TextureRect" parent="."]
margin_right = 40.0
margin_bottom = 40.0
texture = ExtResource( 1 )

[node name="Label" type="Label" parent="."]
margin_left = 21.0
margin_top = 30.0
margin_right = 69.0
margin_bottom = 50.0
custom_fonts/font = SubResource( 2 )
text = "255"
__meta__ = {
"_edit_use_anchors_": false
}

[node name="Label2" type="Label" parent="."]
margin_left = 349.0
margin_top = 3.0
margin_right = 637.0
margin_bottom = 23.0
custom_fonts/font = SubResource( 2 )
text = "SCORE: 255"
align = 2
__meta__ = {
"_edit_use_anchors_": false
}

[node name="Health" type="ProgressBar" parent="."]
margin_left = 1.0
margin_top = 1.0
margin_right = 111.0
margin_bottom = 15.0
custom_styles/fg = SubResource( 3 )
custom_styles/bg = SubResource( 4 )
max_value = 20.0
value = 20.0
percent_visible = false
__meta__ = {
"_edit_use_anchors_": false
}

[node name="Stamina" type="ProgressBar" parent="."]
margin_left = 1.0
margin_top = 17.0
margin_right = 95.0
margin_bottom = 23.0
custom_fonts/font = SubResource( 6 )
custom_styles/fg = SubResource( 5 )
custom_styles/bg = SubResource( 4 )
value = 100.0
percent_visible = false
__meta__ = {
"_edit_use_anchors_": false
}

[node name="TextureRect2" type="TextureRect" parent="."]
margin_right = 128.0
margin_bottom = 48.0
texture = ExtResource( 2 )
__meta__ = {
"_edit_use_anchors_": false
}
